 Dungeon Crawl Stone Soup version 0.25.1-2-g60ff931df9 (webtiles) character file.

Game seed: 10184166376691270509

1148 pokeman the Thaumaturge (level 8, -1/44 HPs)
             Began as a Deep Elf Wizard on Oct 16, 2020.
             Was a Believer of Vehumet.
             Slain by a worker ant (4 damage)
             ... on level 5 of the Dungeon.
             The game lasted 00:16:32 (6004 turns).

pokeman the Thaumaturge (Deep Elf Wizard)           Turns: 6004, Time: 00:16:33

Health: -1/44      AC:  9    Str:  4    XL:     8   Next: 15%
Magic:  4/22       EV: 11    Int: 32    God:    Vehumet [**....]
Gold:   246        SH:  0    Dex: 13    Spells: 12/24 levels left

rFire    . . .     SeeInvis .   r - +2 quarterstaff (chaos)
rCold    . . .     Gourm    .   (shield currently unavailable)
rNeg     . . .     Faith    .   c - +0 leather armour
rPois    .         Spirit   .   j - +0 helmet (curse)
rElec    .         Reflect  .   s - +2 cloak {MR+}
rCorr    .         Harm     .   f - +0 pair of gloves
MR       +....                  q - +0 pair of boots
Stlth    +.........             t - amulet of magic regeneration
HPRegen  0.14/turn              p - +6 ring of intelligence
MPRegen  0.43/turn              z - +4 ring of slaying

@: confused, very slightly contaminated
A: no striking features
a: Renounce Religion


You were on level 5 of the Dungeon.
You worshipped Vehumet.
Vehumet was pleased with you.
You were not hungry.

You visited 1 branch of the dungeon, and saw 5 of its levels.

You collected 246 gold pieces.

Inventory:

Hand Weapons
 r - a +2 quarterstaff of chaos (weapon)
Armour
 c - a +0 leather armour (worn)
 f - a +0 pair of gloves (worn)
 j - a cursed +0 helmet (worn)
 q - a +0 pair of boots (worn)
 s - a +2 cloak of magic resistance (worn)
 B - a scarf of harm
Jewellery
 g - an uncursed amulet of reflection
 k - an uncursed amulet of guardian spirit
 p - a +6 ring of intelligence (left hand)
 t - an amulet of magic regeneration (around neck)
 z - a +4 ring of slaying (right hand)
Wands
 y - a wand of flame (15)
Scrolls
 a - 2 scrolls of remove curse {unknown}
 b - 3 scrolls of identify {unknown}
 h - a scroll of immolation {unknown}
 n - a scroll of amnesia {unknown}
 o - a scroll of fog {unknown}
 w - a scroll of enchant weapon {unknown}
 x - 5 scrolls of enchant armour {unknown}
 C - a scroll of teleportation {unknown}
Potions
 e - 2 potions of curing
 i - 2 potions of flight {unknown}
 l - 3 potions of degeneration {unknown}
 m - 2 potions of ambrosia {unknown}
 u - 2 potions of invisibility {unknown}
 v - a potion of heal wounds {unknown}
 A - a potion of might {unknown}
 D - a potion of cancellation {unknown}
Comestibles
 d - 8 rations
 E - 2 chunks of flesh


   Skills:
 - Level 2.1 Fighting
 + Level 1.6 Armour
 - Level 2.4 Dodging
 - Level 2.4 Stealth
 * Level 8.6 Spellcasting
 * Level 5.9 Conjurations
 - Level 1.1 Summonings
 - Level 1.1 Translocations
 + Level 3.5 Fire Magic
 - Level 1.2 Air Magic
 - Level 1.0 Poison Magic
 - Level 1.0 Evocations


You had 12 spell levels left.
You knew the following spells:

 Your Spells              Type           Power        Failure   Level  Hunger
a - Magic Dart            Conj           ####         1%          1    None
b - Mephitic Cloud        Conj/Pois/Air  ####....     6%          3    None
c - Call Imp              Summ           ###.....     6%          2    None
d - Blink                 Tloc           N/A          6%          2    None
e - Conjure Flame         Conj/Fire      #####...     2%          3    None
f - Shock                 Conj/Air       ####         1%          1    None

Your spell library contained the following spells:

 Spells                   Type           Power        Failure   Level  Hunger
 Sandblast                Erth           ##....       6%          1    None
 Slow                     Hex            ##......     10%         2    None
 Gell's Gravitas          Tloc           ###.......   12%         3    None
 Confusing Touch          Hex            ##......     19%         3    None
 Petrify                  Tmut/Erth      ##......     52%         4    None
 Metabolic Englaciation   Hex/Ice        ##........   86%         5    ####...
 Yara's Violent Unravell  Hex/Tmut       ##........   86%         5    ####...


Dungeon Overview and Level Annotations

Branches:
Dungeon (5/15)             Temple (0/1) D:4

Altars:
Elyvilon
Vehumet
Xom


Message History

The ball explodes into a vile cloud!
The stinking cloud engulfs the worker ant but does no damage.
You hear an angry hiss.
The worker ant is engulfed in noxious fumes.
The centaur hits you but does no damage.
Unknown command.
Unknown command.
Casting: Mephitic Cloud (dangerous; 6% risk of failure)
Confirm with . or Enter, or press ? or * to list all spells.
You don't know that spell.
The worker ant closely misses you.
Casting: Mephitic Cloud (dangerous; 6% risk of failure)
Confirm with . or Enter, or press ? or * to list all spells.
You blink.
You are engulfed in noxious fumes.
You choke on the stench!
You are confused.
You bump into the rock wall.
You are engulfed in noxious fumes.
You choke on the stench!
You are more confused.
The worker ant barely misses you. The worker ant bites you.
You die...

#......(....#####..# #...#
#...$..##..O..(....#####....
#...... #c...((........(...#
..........######.#....######
#......#### #..#.##.#
#...... ###.##.##.# ###.###
###.c.##.##.# #.
#####○a..###.##[######
#...°@#.## #.#.....#..
#.#####(# #..........
#...####..........
#+#...##..........
#...##........>.
+#...............
#......#...........
#......##..........
#..#.......)....#..


You could see a centaur (confused) and a worker ant.

Vanquished Creatures
  A sky beast (D:5)
  An orc warrior (D:5)
  A hornet zombie (D:4)
  A centaur (D:5)
  A scorpion (D:4)
  A howler monkey (D:5)
  A hound (D:4)
  Crazy Yiuf (D:2)
  2 orc priests
  4 orc wizards
  2 bullfrog skeletons
  An iguana (D:4)
  Natasha (thrice) (D:3)
  Ijyb (D:4)
  3 worker ants (D:4)
  7 adders
  4 gnolls (D:5)
  A shadow imp (D:5)
  An ooze (D:4)
  5 worms
  2 dart slugs (D:4)
  2 leopard geckos
  16 orcs
  4 giant cockroaches
  4 goblins
  13 hobgoblins
  8 jackals
  A quokka (D:4)
  2 ball pythons
  2 bats (D:2)
  3 frilled lizards
  11 kobolds
  7 rats
117 creatures vanquished.

Notes
Turn   | Place    | Note
-------+----------+-------------------------------------------
     0 | D:1      | pokeman the Deep Elf Wizard began the quest for the Orb.
     0 | D:1      | Reached XP level 1. HP: 10/10 MP: 7/7
   270 | D:1      | Reached XP level 2. HP: 16/16 MP: 0/9
   960 | D:1      | Reached skill level 5 in Spellcasting
  1407 | D:2      | Reached XP level 3. HP: 20/20 MP: 7/11
  1413 | D:2      | Learned a level 3 spell: Mephitic Cloud
  1416 | D:2      | Learned a level 2 spell: Call Imp
  1419 | D:2      | Learned a level 2 spell: Blink
  1423 | D:2      | Learned a level 3 spell: Conjure Flame
  1827 | D:2      | Reached skill level 1 in Fighting
  1827 | D:2      | Reached skill level 1 in Armour
  2037 | D:2      | Reached XP level 4. HP: 25/25 MP: 1/13
  2132 | D:2      | Found a radiant altar of Vehumet.
  2142 | D:2      | Became a worshipper of Vehumet
  2525 | D:2      | Found a shimmering altar of Xom.
  2525 | D:2      | Found a white marble altar of Elyvilon.
  2880 | D:2      | Found a runed translucent door.
  2881 | D:2      | Noticed Crazy Yiuf
  2895 | D:2      | Killed Crazy Yiuf
  2895 | D:2      | Reached skill level 1 in Fire Magic
  3225 | D:3      | Reached skill level 1 in Air Magic
  3295 | D:3      | Reached skill level 6 in Spellcasting
  3295 | D:3      | Reached XP level 5. HP: 29/29 MP: 9/15
  3482 | D:3      | Noticed Natasha
  3490 | D:3      | Killed Natasha
  3539 | D:3      | Noticed Natasha
  3546 | D:3      | Killed Natasha
  3564 | D:3      | Reached * piety under Vehumet
  3564 | D:3      | Offered knowledge of Shock by Vehumet.
  3569 | D:3      | Learned a level 1 spell: Shock
  3636 | D:3      | Noticed Natasha
  3641 | D:3      | Killed Natasha
  4016 | D:3      | Reached XP level 6. HP: 32/34 MP: 4/17
  4029 | D:3      | Reached skill level 1 in Poison Magic
  4408 | D:4      | Reached skill level 7 in Spellcasting
  4547 | D:4      | Noticed Ijyb
  4579 | D:4      | Killed Ijyb
  4579 | D:4      | Reached XP level 7. HP: 38/38 MP: 11/19
  4799 | D:4      | Found a staircase to the Ecumenical Temple.
  4996 | D:4      | Offered knowledge of Sandblast by Vehumet.
  5079 | D:4      | Reached skill level 1 in Evocations
  5302 | D:5      | Entered Level 5 of the Dungeon
  5324 | D:5      | Reached skill level 5 in Conjurations
  5341 | D:5      | Reached ** piety under Vehumet
  5341 | D:5      | Reached skill level 8 in Spellcasting
  5677 | D:5      | Reached XP level 8. HP: 18/44 MP: 16/22
  5982 | D:5      | HP: 1/44 [ogre/+0 giant spiked club (29)]
  5990 | D:5      | HP: 1/44 [centaur/arrow (1)]
  6004 | D:5      | Slain by a worker ant

Illustrated notes

Levels and vault maps discovered:
D:1:      moated_graveyard_arrival, layout_basic
D:2:      layout_loops_ring, vehumet_crystals, gammafunk_temple_overflow_wave,
          kennysheep_generic_room_13, uniq_crazy_yiuf_cottage
D:3:      layout_rooms, uniq_natasha
D:4:      layout_rooms, minmay_temple_entry_wispy, uniq_ijyb
D:5:      layout_rooms, first_ration, serial_shops, kennysheep_mini,
          guppyfry_early_orc_mine

Skill      XL: |  1  2  3  4  5  6  7 |
---------------+----------------------+-----
Spellcasting   | 5 6 7 8 |  8.6
Fighting       | 1 2 |  2.1
Armour         | 1 |  1.6
Conjurations   | 2 3 4 5 |  5.9
Fire Magic     | 1 2 3 |  3.5
Air Magic      | 1 |  1.2
Poison Magic   | 1 |  1.0
Evocations     | 1 |  1.0
Dodging        | |  2.4
Stealth        | |  2.4
Summonings     | |  1.1
Translocations | |  1.1

Action                   |  1- 3 |  4- 6 |  7- 9 || total
-------------------------+-------+-------+-------++-------
Melee: Unarmed           |    36 |     6 |       ||    42
       Quarterstaff      |       |    31 |    21 ||    52
 Cast: Magic Dart        |   101 |   189 |    75 ||   365
       Mephitic Cloud    |       |     4 |    11 ||    15
       Conjure Flame     |       |       |     7 ||     7
       Call Imp          |       |       |     2 ||     2
       Blink             |       |       |     2 ||     2
 Stab: Confused          |       |     2 |     2 ||     4
  Eat: Chunk             |     3 |     8 |     4 ||    15
Armor: Leather armour    |    16 |    12 |    16 ||    44
Dodge: Dodged            |    41 |    34 |    22 ||    97
Block: Other             |    13 |     9 |     6 ||    28
       Reflection        |     2 |     1 |       ||     3
